 Dungeon Crawl Stone Soup version 0.30-a0-305-g026cb31310 (webtiles) character file.

Game seed: 17656301046820707596

229542 Angani the Marksdraconian (level 18, -1/151 HPs)
             Began as a Purple Draconian Hunter on Oct 20, 2022.
             Was the Champion of Hepliaklqana.
             Shot with a bolt by a naga sharpshooter (8 damage)
             ... on level 4 of the Snake Pit on Oct 21, 2022.
             The game lasted 01:47:54 (36306 turns).

Angani the Marksdraconian (DrHu)                   Turns: 36306, Time: 01:47:54

Health: -1/151     AC: 19    Str: 19    XL:     18   Next: 74%
Magic:  28/28      EV: 21    Int: 10    God:    Hepliaklqana [******]
Gold:   1425       SH:  0    Dex: 21    Spells: 24/31 levels left

rFire   + . .      SeeInvis .    Y - +8 triple crossbow (drain)
rCold   + + .      Faith    .    (shield currently unavailable)
rNeg    + . .      Spirit   .    (body armour unavailable)
rPois   .          Reflect  .    (helmet restricted)
rElec   .          Harm     .    S - +2 cloak {rC+}
rCorr   +          Rampage  .    N - +2 pair of gloves
Will    ++...                    L - +2 pair of boots
Stlth   ++++......               E - amulet of magic regeneration
HPRegen 0.45/turn                v - ring "Lygiur" {rF+ rN+ rCorr Str+4}
MPRegen 0.61/turn                H - ring of protection from cold

@: no status effects
A: reduced essence, breathe power, AC +10, unfitting armour, cold-blooded
}: 1/15 runes: barnacled
a: Breathe Dispelling Energy, Renounce Religion, Recall Ancestor, Ancestor
Identity, Transference, Idealise


You were on level 4 of the Snake Pit.
You worshipped Hepliaklqana.
Hepliaklqana was exalted by your worship.
You visited 6 branches of the dungeon, and saw 31 of its levels.
You also visited: Gauntlet and Ice Cave.

You collected 2864 gold pieces.
You spent 1439 gold pieces at shops.

Inventory:

Hand Weapons
 T - the +8 mithril axe "Arga" {speed, Will+}
   (You found it on level 4 of the Shoals)

   Attacks with this weapon are significantly faster.
   Will:      It increases your willpower.
 X - a +0 arbalest
 Y - a +8 triple crossbow of draining (weapon)
Missiles
 z - 4 throwing nets
Armour
 j - a scarf of repulsion
 L - a +2 pair of boots (worn)
 N - a +2 pair of gloves (worn)
 S - a +2 cloak of cold resistance (worn)
Jewellery
 l - a ring of protection from fire
 p - a +4 ring of slaying
 u - a ring of positive energy
 v - the ring "Lygiur" (left hand) {rF+ rN+ rCorr Str+4}
   (You found it on level 4 of the Dungeon)

   [ring of resist corrosion]

   Str:       It affects your strength (+4).
   rF:        It protects you from fire.
   rN:        It protects you from negative energy.
   rCorr:     It protects you from acid and corrosion.
 w - a ring of magical power
 E - an amulet of magic regeneration (around neck)
 H - a ring of protection from cold (right hand)
 R - a ring of wizardry
Wands
 k - a wand of polymorph (7)
 A - a wand of flame (26)
 B - a wand of quicksilver (29)
 C - a wand of roots (11)
 J - a wand of charming (15)
 K - a wand of mindburst (17)
Scrolls
 a - 3 scrolls of fear
 b - 4 scrolls of immolation
 e - 7 scrolls of amnesia
 h - 2 scrolls of silence
 i - 12 scrolls of teleportation
 r - 3 scrolls of vulnerability
 I - 3 scrolls of magic mapping
 O - 6 scrolls of poison
 Q - 2 scrolls of enchant armour
 U - 4 scrolls of blinking
 W - 6 scrolls of butterflies
Potions
 c - 2 potions of ambrosia
 d - 5 potions of heal wounds
 f - a potion of berserk rage
 g - 5 potions of might
 m - a potion of resistance
 n - 5 potions of attraction
 o - 3 potions of invisibility
 q - 2 potions of cancellation
 s - 17 potions of curing
 t - 2 potions of flight
 x - 4 potions of lignification
 D - 8 potions of mutation
 F - 5 potions of magic
 G - 4 potions of brilliance
 M - a potion of haste
Miscellaneous
 y - a phial of floods
 P - a phantom mirror
 V - a lightning rod (4/4)


   Skills:
 + Level 16.7 Fighting
 - Level 18.7 Ranged Weapons
 + Level 12.2 Dodging
 - Level 8.2 Stealth
 - Level 7.0 Spellcasting
 - Level 12.1 Hexes
 - Level 7.4 Summonings
 - Level 8.0 Invocations
 - Level 8.2 Evocations


You had 24 spell levels left.
You knew the following spells:

 Your Spells              Type           Power      Damage    Failure   Level
a - Summon Guardian Gole  Hex/Summ       23%        N/A       1%          3
b - Cause Fear            Hex            13%        N/A       1%          4

Your spell library contained the following spells:

 Spells                   Type           Power      Damage    Failure   Level
 Summon Small Mammal      Summ           72%        N/A       1%          1
 Confusing Touch          Hex            27%        N/A       1%          3
 Tukima's Dance           Hex            27%        N/A       1%          3
 Call Canine Familiar     Summ           18%        N/A       2%          3
 Dazzling Flash           Conj/Hex       30%        N/A       4%          3
 Apportation              Tloc           6%         N/A       19%         1
 Beastly Appendage        Tmut           6%         N/A       19%         1
 Foxfire                  Conj/Fire      12%        2x1d4     19%         1
 Freeze                   Ice            12%        1d3       19%         1
 Kiss of Death            Conj/Necr      12%        2d6       19%         1
 Necrotise                Necr           12%        1d4       19%         1
 Summon Lightning Spire   Summ/Air       10%        N/A       38%         4
 Silence                  Hex/Air        7%         N/A       41%         5
 Yara's Violent Unravell  Hex/Tmut       7%         3d5       41%         5
 Frozen Ramparts          Ice            6%         1d1       50%         3
 Gell's Gravitas          Tloc           3%         N/A       50%         3
 Hailstorm                Conj/Ice       3%         3d3       50%         3
 Ozocubu's Armour         Ice            3%         N/A       50%         3
 Teleport Other           Tloc           3%         N/A       50%         3
 Vampiric Draining        Necr           3%         2d6       50%         3
 Summon Forest            Summ/Tloc      5%         N/A       75%         5
 Dispel Undead            Necr           3%         3d7       88%         4
 Iskenderun's Mystic Bla  Conj/Tloc      3%         2d3       88%         4
 Passage of Golubria      Tloc           3%         N/A       88%         4
 Agony                    Necr           3%         N/A       99%         5
 Fireball                 Conj/Fire      1%         3d3       99%         5
 Dispersal                Tloc           1%         N/A       100%        6
 Eringya's Noxious Bog    Tmut/Pois      1%         N/A       100%        6
 Starburst                Conj/Fire      1%         6d3       100%        6
 Dragon Form              Tmut           1%         N/A       100%        7
 Orb of Destruction       Conj           1%         9d5       100%        7
 Ozocubu's Refrigeration  Ice            1%         4d7       100%        7
 Spellforged Servitor     Conj/Summ      5%         N/A       100%        7
 Storm Form               Tmut/Air       1%         N/A       100%        7
 Summon Hydra             Summ           9%         N/A       100%        7
 Lehudib's Crystal Spear  Conj/Erth      1%         10d2      100%        8
 Maxwell's Capacitive Co  Air            1%         ∞         100%        8
 Dragon's Call            Summ           9%         N/A       100%        9


Dungeon Overview and Level Annotations

Branches:
Dungeon (15/15)            Temple (1/1) D:7            Lair (5/5) D:10
 Shoals (4/4) Lair:3        Snake (4/4) Lair:2        Slime (0/5) Lair:5
    Orc (2/2) D:11            Elf (0/3) Orc:2        Vaults (0/5) D:14
 Depths (0/4) D:15          IceCv (visited)         Gauntlet (visited)

Altars:
Ashenzari
Cheibriados
Dithmenos
Elyvilon
Fedhas
Gozag
Hepliaklqana
Kikubaaqudgha
Makhleb
Nemelex Xobeh
Okawaru
Qazlal
Ru
Sif Muna
Trog
Uskayaw
Vehumet
Wu Jian
Xom
Yredelemnul
Zin
The Shining One
Jiyva

Shops:
D:1 *   D:10 ?   D:11 *   Orc:1 *   Orc:2 ([*=?   Shoals:1 =   Snake:1 ***[

Annotations:
D:4 2 transporters, exclusions: orc priest and orc warrior, Harunobu's ghost, amateur MiMo
D:6 Grinder
D:15 2 transporters, Ishelikk's ghost, journeyman FeTm
Shoals:3 1 runed translucent door, exclusion: door, Cuoloz's ghost, adept SpEn


Innate Abilities, Weirdness & Mutations

Your life essence is reduced to manifest your ancestor. (-10% HP)
You can breathe bolts of dispelling energy.
Your rich purple scales are hard. (AC +10)
You cannot fit into any form of body armour.
You are cold-blooded and may be slowed by cold attacks.


Message History

The splash of poison misses you.
The naga warrior hits you with a +0 flail!!
* * * LOW HITPOINT WARNING * * *
The naga warrior constricts you.
* * * LOW HITPOINT WARNING * * *
Syrinius closely misses the naga warrior.
You feel much better.
You feel sick.
You are no longer poisoned.
The naga sharpshooter shoots a bolt.
The bolt hits you!!
* * * LOW HITPOINT WARNING * * *
The bolt burns you.
* * * LOW HITPOINT WARNING * * *
The naga warrior spits poison at you. The splash of poison misses you.
The naga warrior constricts you.
* * * LOW HITPOINT WARNING * * *
The naga warrior blocks Syrinius's attack.
Unknown command.
You feel much better.
The naga sharpshooter shoots a bolt.
The bolt misses you.
The naga warrior hits you with a +0 flail!
* * * LOW HITPOINT WARNING * * *
The naga warrior constricts you.
Syrinius hits the naga warrior with a +0 broad axe of flaming!
Syrinius burns the naga warrior.
Unknown command.
You shoot a bolt. The naga warrior blocks the bolt.
The naga sharpshooter shoots a bolt.
The bolt hits you!
* * * LOW HITPOINT WARNING * * *
The bolt burns you.
* * * LOW HITPOINT WARNING * * *
The naga warrior hits you with a +0 flail!
* * * LOW HITPOINT WARNING * * *
The naga warrior constricts you.
* * * LOW HITPOINT WARNING * * *
Syrinius hits the naga warrior with a +0 broad axe of flaming!
Syrinius burns the naga warrior.
The naga warrior dies!
The naga sharpshooter casts a spell.
The naga sharpshooter magically shoots a bolt.
The bolt hits you!
You die...

### #N. ## #.# S
#.### ##.###
....##.#.##......
.N..N.R.#)R..#
#..###..#S†###
...#.#@#
#..#.#?###
#...#..#. ### .##
## #


You could see the friendly Syrinius the knight, a naga sharpshooter and a mana
viper (distracted).

Vanquished Creatures
  Kirke (D:12)
  4 nagarajas
  A frost giant (IceCv)
  An orc warlord (Orc:2)
  4 merfolk impalers
  4 merfolk javelineers
  4 vault guards (D:14)
  An ice dragon (Lair:1)
  2 hydras
  An ogre mage (Orc:2)
  A rakshasa (D:14)
  A salamander tyrant (Snake:3)
  A merfolk avatar (Shoals:4)
  3 catoblepae (Lair:5)
  7 anacondas
  Erica (D:9)
  2 death knights
  2 satyrs
  8 centaur warriors
  3 boulder beetles
  2 merfolk aquamancers
  11 two-headed ogres
  Urug (Lair:2)
  6 naga warriors
  A tengu warrior (D:14)
  11 death yaks
  6 naga sharpshooters
  3 orc high priests (Orc:2)
  3 shock serpents
  A salamander mystic (Snake:3)
  4 skeletal warriors
  12 sea snakes
  A wizard (D:14)
  3 naga ritualists (Snake:1)
  Pikel (D:4)
  A phantasmal warrior (D:15)
  2 orc knights (Orc:2)
  An ugly thing (D:12)
  A stone giant zombie (D:15)
  6 harpies
  A frost giant zombie (D:15)
  2 deep elf pyromancers
  4 mana vipers
  16 manticores
  5 orc sorcerers
  5 cyclopes
  4 salamanders
  21 fauns
  3 elephants (Lair:4)
  Joseph (D:9)
  11 merfolk sirens
  5 guardian serpents
  7 naga magi
  7 water nymphs
  Maurice (D:8)
  10 black mambas
  A torpor snail (Lair:4)
  3 gargoyles
  3 kobold demonologists
  3 komodo dragons
  2 rime drakes
  10 cane toads
  2 tengu conjurers
  27 merfolk
  2 trolls
  2 wind drakes (Shoals:1)
  2 hornets
  6 dream sheep
  11 polar bears
  4 snapping turtles
  4 slime creatures
  12 blink frogs
  2 wraiths
  6 water elementals
  33 yaks
  3 wyverns
  7 humans (D:14)
  A hog (D:12)
  Grum (D:8)
  5 wargs
  A basilisk (Lair:5)
  16 nagas
  A swamp worm (D:8)
  An acid dragon (D:13)
  6 water moccasins
  Duvessa (D:6)
  21 orc warriors
  12 wolves
  7 ogres
  14 centaurs
  A phantom (D:6)
  A lemure (D:4)
  8 kobold brigands
  A gnoll sergeant (D:11)
  6 bullfrogs
  2 necrophages
  4 scorpions
  2 wights (D:10)
  Dowan (D:6)
  5 killer bees (D:8)
  4 electric eels (D:11)
  3 howler monkeys
  2 lava snakes (D:14)
  2 jellies
  Crazy Yiuf (D:6)
  A gnoll bouda (D:8)
  A hound (D:7)
  16 orc priests
  7 hell rats
  18 orc wizards
  5 iguanas
  16 gnolls
  7 adders
  A shadow imp (D:7)
  A white imp (D:6)
  5 worms
  3 dart slugs
  50 orcs
  4 bats
  11 endoplasms
  3 giant cockroaches (D:1)
  2 goblins (D:4)
  7 hobgoblins
  4 jackals
  A quokka (D:1)
  4 ball pythons
  5 frilled lizards
  36 kobolds
  8 rats
  A fire vortex (D:14)
724 creatures vanquished.

Vanquished Creatures (collateral kills)
  Saint Roka (Snake:3)
  Jorgrun (D:13)
  3 merfolk impalers
  3 merfolk javelineers
  A salamander tyrant (Snake:3)
  3 alligator snapping turtles (Shoals:3)
  2 centaur warriors
  A satyr (Shoals:3)
  A merfolk aquamancer (Shoals:4)
  A two-headed ogre (D:9)
  An ogre mage (D:15)
  2 anacondas
  9 death yaks
  A boulder beetle (Lair:5)
  3 naga warriors
  An orc high priest (Orc:2)
  A salamander mystic (Snake:3)
  A fire crab (Lair:5)
  4 skeletal warriors
  2 sea snakes
  A harpy (Shoals:2)
  2 orc sorcerers (Orc:2)
  A mana viper (Lair:2)
  An orc knight (Orc:2)
  2 fauns (Shoals:4)
  A manticore (Shoals:2)
  5 salamanders
  A stone giant skeleton (D:15)
  2 ugly things (D:12)
  4 cyclopes
  An elephant (Lair:4)
  A merfolk siren (Lair:3)
  6 naga magi
  A torpor snail (Lair:5)
  A guardian serpent (Snake:2)
  7 black mambas
  4 cane toads
  A gargoyle (D:11)
  A kobold demonologist (D:12)
  A freezing wraith (D:15)
  4 komodo dragons
  2 ice devils (Lair:5)
  3 trolls
  3 polar bears
  4 merfolk
  4 wind drakes
  A blink frog (Lair:2)
  A slime creature (D:14)
  4 dream sheep
  6 snapping turtles
  3 water elementals
  An ettin zombie (D:15)
  A wyvern (Lair:4)
  A wraith (D:11)
  23 yaks
  2 basilisks
  A hog (D:12)
  2 wargs (Orc:2)
  7 nagas
  5 water moccasins
  12 orc warriors
  2 ogres
  6 centaurs
  5 wolves (IceCv)
  2 kobold brigands (D:12)
  3 bullfrogs
  A wight (D:10)
  An electric eel (D:11)
  A howler monkey (D:12)
  10 orc priests
  10 orc wizards
  2 hell rats
  25 orcs
  5 kobolds
249 creatures vanquished.

Vanquished Creatures (others)
  Rupert (Lair:3)
  A hydra (Lair:4)
  5 death yaks
  A necromancer (D:15)
  An elephant (Lair:4)
  An ice statue (IceCv)
  Maggie (D:10)
  14 yaks
  A wyvern (D:9)
  2 humans
  A water moccasin (Lair:4)
  A kobold brigand (D:12)
  4 ancestors
  19 knights
  2 orcs (Orc:1)
  22 fungi
  97 plants
  13 withered plants (D:15)
187 creatures vanquished.

Grand Total: 1160 creatures vanquished

Notes
Turn   | Place    | Note
-------+----------+-------------------------------------------
     0 | D:1      | Angani the Draconian Hunter began the quest for the Orb.
     0 | D:1      | Reached XP level 1. HP: 17/17 MP: 1/1
   138 | D:1      | Reached XP level 2. HP: 25/25 MP: 2/2
   240 | D:1      | Found Konips's General Store.
   272 | D:1      | Found a faded altar of an unknown god.
   290 | D:1      | Got Plato's Parchment of Reformation
   297 | D:1      | Reached skill level 4 in Ranged Weapons
   627 | D:1      | Reached XP level 3. HP: 29/31 MP: 3/3
  1507 | D:2      | Reached XP level 4. HP: 40/40 MP: 4/4
  1651 | D:1      | Bought 3 scrolls of poison for 132 gold pieces
  2181 | D:3      | Found a glowing golden altar of the Shining One.
  2194 | D:3      | Found a broken altar of Ashenzari.
  2242 | D:3      | Identified the +0 leather armour of Mezcal {rF+++ Int-5
                  | Dex-5 SInv}
  2899 | D:4      | Identified the +4 spear "Vuaton" {flame, Int+3 Dex+4}
  2912 | D:4      | Reached XP level 5. HP: 47/47 MP: 5/5
  3035 | D:4      | Reached skill level 5 in Ranged Weapons
  3375 | D:4      | Noticed an orc warrior
  3420 | D:4      | Identified the ring "Lygiur" {rF+ rN+ rCorr Str+4}
  3452 | D:4      | Noticed Harunobu's ghost (amateur MiMo)
  3462 | D:4      | Found a transporter.
  3489 | D:4      | Found a transporter.
  3528 | D:4      | Reached skill level 5 in Fighting
  3620 | D:4      | Found an opulent altar of Gozag.
  3759 | D:4      | Reached skill level 1 in Stealth
  3759 | D:4      | Reached XP level 6. HP: 30/56 MP: 6/6
  4014 | D:4      | Noticed Pikel
  4054 | D:4      | Killed Pikel
  4055 | D:4      | Reached skill level 6 in Ranged Weapons
  4055 | D:4      | Your scales start taking on a rich purple colour.
  4055 | D:4      | Reached XP level 7. HP: 46/61 MP: 7/7
  4172 | D:5      | Entered Level 5 of the Dungeon
  4260 | D:5      | Found a shimmering altar of Xom.
  4683 | D:5      | Reached XP level 8. HP: 45/68 MP: 8/8
  5278 | D:6      | Found a runed translucent door.
  5279 | D:6      | Noticed Crazy Yiuf
  5472 | D:6      | Noticed Grinder
  5504 | D:6      | Noticed Duvessa
  5505 | D:6      | Noticed Dowan
  5962 | D:6      | Reached skill level 7 in Ranged Weapons
  6318 | D:6      | Killed Dowan
  6319 | D:6      | Reached skill level 5 in Stealth
  6419 | D:6      | Killed Duvessa
  6420 | D:6      | Reached skill level 5 in Dodging
  6684 | D:7      | Reached skill level 1 in Spellcasting
  6708 | D:7      | Found a staircase to the Ecumenical Temple.
  6717 | Temple   | Entered the Ecumenical Temple
  6757 | Temple   | Became a worshipper of Hepliaklqana the Forgotten
  6944 | D:7      | Found a radiant altar of Vehumet.
  7436 | D:7      | Found a blossoming altar of Fedhas.
  7648 | D:6      | Killed Crazy Yiuf
  7961 | D:8      | Reached XP level 9. HP: 74/74 MP: 13/13
  7968 | D:8      | Noticed Maurice
  7977 | D:8      | Killed Maurice
  7978 | D:8      | Reached skill level 8 in Ranged Weapons
  8173 | D:8      | Noticed Grum
  8183 | D:8      | Reached skill level 5 in Spellcasting
  8190 | D:8      | Killed Grum
  8350 | D:8      | Reached skill level 9 in Ranged Weapons
  8900 | D:8      | Reached * piety under Hepliaklqana
  8905 | D:8      | Learned a level 3 spell: Summon Guardian Golem
  9202 | D:8      | Reached skill level 1 in Hexes
  9453 | D:8      | Reached skill level 1 in Summonings
  9453 | D:8      | Reached XP level 10. HP: 72/72 MP: 20/20
  9478 | D:9      | Noticed a two-headed ogre
  9583 | D:9      | Noticed Joseph
  9620 | D:9      | Killed Joseph
  9761 | D:9      | Killed a two-headed ogre
 10011 | D:9      | Reached skill level 10 in Ranged Weapons
 10379 | D:9      | Noticed a two-headed ogre
 10384 | D:9      | Reached skill level 5 in Hexes
 10392 | D:9      | Killed a two-headed ogre
 10511 | D:9      | Reached skill level 5 in Summonings
 10660 | D:9      | Noticed Erica
 10685 | D:9      | Killed Erica
 10686 | D:9      | Reached XP level 11. HP: 63/77 MP: 19/21
 10950 | D:10     | Entered Level 10 of the Dungeon
 10989 | D:10     | Noticed a two-headed ogre
 11067 | D:10     | Killed a two-headed ogre
 11082 | D:10     | Found a sacrificial altar of Ru.
 11158 | D:10     | Found a staircase to the Lair.
 11159 | D:10     | Reached ** piety under Hepliaklqana
 11160 | D:10     | Remembered your ancestor Syrinius as a knight
 11221 | D:10     | Found Jarhuh's Magic Scroll Shop.
 11233 | D:10     | Noticed Maggie
 11251 | D:10     | Killed Maggie
 11548 | D:10     | Reached skill level 11 in Ranged Weapons
 11784 | D:11     | You fall into a shaft and drop 1 floor!
 11801 | D:12     | Noticed a brown ugly thing
 11812 | D:12     | Killed a brown ugly thing
 11823 | D:12     | Noticed a brown ugly thing
 11836 | D:12     | Killed a brown ugly thing
 11907 | D:11     | Found a gate leading to a gauntlet.
 11914 | Gauntlet | Entered a Gauntlet
 11914 | Gauntlet | Found a transporter.
 11914 | Gauntlet | Found a transporter.
 11952 | Gauntlet | Found a transporter.
 11967 | Gauntlet | Found a transporter.
 11982 | Gauntlet | Found a transporter.
 11982 | Gauntlet | Found a transporter.
 11982 | Gauntlet | Found a transporter.
 11984 | Gauntlet | Found a transporter.
 11984 | Gauntlet | Found a transporter.
 11986 | Gauntlet | Noticed a fire dragon
 11996 | Gauntlet | a fire dragon changed into a wolf spider
 11996 | Gauntlet | Noticed a wolf spider (glowing shapeshifter)
 11997 | Gauntlet | Found a transporter.
 12000 | Gauntlet | a wolf spider changed into a jorogumo
 12000 | Gauntlet | Noticed a jorogumo (glowing shapeshifter)
 12003 | Gauntlet | a jorogumo changed into a boulder beetle
 12003 | Gauntlet | Noticed a boulder beetle (glowing shapeshifter)
 12010 | Gauntlet | a yak changed into an entropy weaver
 12010 | Gauntlet | Noticed an entropy weaver (shapeshifter)
 12011 | Gauntlet | Found a runed translucent door.
 12013 | Gauntlet | Found a transporter.
 12015 | Gauntlet | Found a runed translucent door.
 12020 | Gauntlet | Noticed a glowing orange brain
 12023 | Gauntlet | Found a transporter.
 12023 | Gauntlet | Noticed a glowing orange brain
 12024 | Gauntlet | Noticed a cyan ugly thing
 12024 | Gauntlet | Noticed a cyan ugly thing
 12038 | Gauntlet | Found a transporter.
 12073 | Gauntlet | Found a transporter.
 12458 | D:11     | Noticed a sixfirhy
 12674 | D:11     | Reached *** piety under Hepliaklqana
 13248 | D:11     | Found a staircase to the Orcish Mines.
 13537 | D:11     | Found Vopnepom's General Store.
 13594 | D:11     | Bought a scroll of identify for 28 gold pieces
 14037 | Lair:1   | Entered Level 1 of the Lair of Beasts
 14100 | Lair:1   | Reached XP level 12. HP: 86/86 MP: 22/22
 14213 | Lair:1   | Reached skill level 12 in Ranged Weapons
 14634 | Lair:1   | Noticed an ice dragon
 15019 | Lair:2   | Reached **** piety under Hepliaklqana
 15065 | Lair:2   | Noticed Urug
 15137 | Lair:2   | Killed Urug
 15443 | Lair:3   | Noticed a four-headed hydra
 15455 | Lair:3   | Killed a four-headed hydra
 15687 | Lair:3   | Noticed Rupert
 15700 | Lair:3   | Killed Rupert
 15701 | Lair:3   | Reached skill level 13 in Ranged Weapons
 15770 | Lair:3   | Identified the +1 sling "Xoiruo" {freeze, Will+ Int-5 Dex+4
                  | Stlth+}
 16026 | Lair:3   | Found a staircase to the Shoals.
 16324 | Lair:4   | Reached skill level 10 in Fighting
 16434 | Lair:4   | Reached XP level 13. HP: 95/101 MP: 23/23
 16812 | Lair:4   | Reached ***** piety under Hepliaklqana
 17063 | Lair:5   | Entered Level 5 of the Lair of Beasts
 17100 | Lair:4   | Reached skill level 14 in Ranged Weapons
 17139 | Lair:5   | Found a staircase to the Slime Pits.
 17139 | Lair:5   | Found a viscous altar of Jiyva.
 17503 | Lair:5   | Found a frozen archway.
 17512 | IceCv    | Entered an ice cave
 18091 | IceCv    | Reached skill level 15 in Ranged Weapons
 18196 | IceCv    | Noticed a frost giant
 18207 | IceCv    | Killed a frost giant
 18479 | Lair:5   | Reached XP level 14. HP: 116/116 MP: 24/24
 19489 | Lair:5   | Identified the +1 leather armour of the Kettle-Drum {Str+2}
 19638 | Lair:5   | Reached skill level 16 in Ranged Weapons
 19767 | Lair:5   | Reached skill level 15 in Fighting
 20257 | Lair:5   | Reached XP level 15. HP: 126/126 MP: 25/25
 20347 | Lair:2   | Found a staircase to the Snake Pit.
 21200 | D:10     | Bought a scroll of blinking for 97 gold pieces
 21200 | D:10     | Bought a scroll of butterflies for 52 gold pieces
 21200 | D:10     | Bought a scroll of identify for 26 gold pieces
 21200 | D:10     | Bought a scroll of teleportation for 39 gold pieces
 21200 | D:10     | Bought a scroll of torment for 123 gold pieces
 21272 | Orc:1    | Entered Level 1 of the Orcish Mines
 21272 | Orc:1    | Found Moegear's Overcharged Wands.
 21693 | Orc:2    | Entered Level 2 of the Orcish Mines
 21943 | Orc:2    | Found Dyafi's Magic Scroll Emporium.
 22161 | Orc:1    | Found a radiant altar of Vehumet.
 22235 | Orc:2    | Found a staircase to the Elven Halls.
 22592 | Orc:2    | Reached XP level 16. HP: 134/134 MP: 26/26
 22958 | Orc:2    | Found Gunivvik's General Store.
 22959 | Orc:2    | Found Saysmeg's Jewellery Emporium.
 22962 | Orc:2    | Found Peizihuu's Antique Armour Shoppe.
 22962 | Orc:2    | Found Piqat's Antique Weapon Shoppe.
 23025 | Orc:2    | Bought a glowing triple crossbow for 286 gold pieces
 23573 | D:12     | Noticed Kirke
 23576 | D:12     | Killed Kirke
 24071 | D:13     | Noticed Jorgrun
 24076 | D:13     | Killed Jorgrun
 24724 | D:14     | Reached skill level 17 in Ranged Weapons
 25039 | D:14     | Found a gate to the Vaults.
 25567 | D:15     | Entered Level 15 of the Dungeon
 25569 | D:15     | Found a transporter.
 25577 | D:15     | Found a transporter.
 25593 | D:15     | Noticed Ishelikk's ghost (journeyman FeTm)
 25714 | D:15     | Reached skill level 18 in Ranged Weapons
 25732 | D:15     | Found a staircase to the Depths.
 26776 | Snake:1  | Entered Level 1 of the Snake Pit
 26896 | Lair:2   | Reached skill level 1 in Invocations
 27479 | Snake:1  | Reached XP level 17. HP: 140/140 MP: 27/27
 28242 | Snake:1  | Found Kuusel's Antique Armour Shoppe.
 28245 | Snake:1  | Found Zutani's General Store.
 28245 | Snake:1  | Found Zuliat's Assorted Antiques.
 28248 | Snake:1  | Found Carph's Assorted Antiques.
 28260 | Snake:1  | Bought a scroll of teleportation for 90 gold pieces
 28263 | Snake:1  | Bought a scroll of enchant weapon for 202 gold pieces
 28263 | Snake:1  | Bought a potion of curing for 81 gold pieces
 28263 | Snake:1  | Bought a potion of curing for 81 gold pieces
 28263 | Snake:1  | Bought a scroll of blinking for 202 gold pieces
 28422 | Snake:2  | Reached skill level 5 in Invocations
 28749 | Snake:2  | Learned a level 4 spell: Cause Fear
 29650 | Snake:2  | Reached skill level 10 in Dodging
 30141 | Snake:3  | Found a stormy altar of Qazlal.
 30437 | Snake:3  | Noticed Saint Roka
 30450 | Snake:3  | Killed Saint Roka
 30456 | Snake:3  | Reached skill level 10 in Hexes
 31208 | Shoals:1 | Entered Level 1 of the Shoals
 31783 | Shoals:1 | Found Hybaguif's Jewellery Emporium.
 32217 | Shoals:2 | Reached XP level 18. HP: 137/146 MP: 28/28
 32816 | Shoals:2 | Reached ****** piety under Hepliaklqana
 33031 | Shoals:3 | Found a runed translucent door.
 33032 | Shoals:3 | Found a shimmering altar of Xom.
 33032 | Shoals:3 | Noticed Cuoloz's ghost (adept SpEn)
 33840 | Shoals:4 | Entered Level 4 of the Shoals
 35135 | Shoals:4 | Got a barnacled rune of Zot
 35816 | Shoals:4 | Found the +8 mithril axe "Arga" {speed, Will+}
 36212 | Snake:4  | Entered Level 4 of the Snake Pit
 36306 | Snake:4  | HP: 7/151 [constriction (3)]
 36306 | Snake:4  | Shot with a bolt by a naga sharpshooter

Illustrated notes

Levels and vault maps discovered:
D:1:      eino_arrival_water_star, layout_basic,
          shapermc_ecumenical_altar_rom_forum, serial_shops, shop_fountains
D:2:      layout_basic
D:3:      layout_loops_corners, minitemple
D:4:      layout_basic, lemuel_tele_altar, gammafunk_ghost_stat_death,
          dk_noncrumbling_4, uniq_pikel
D:5:      layout_basic, mainiacjoe_overflow_six_doors_small,
          minmay_splitting_lines
D:6:      layout_basic, uniq_grinder, uniq_crazy_yiuf_cottage, uniq_duvessa
D:7:      layout_loops_ring, mainiacjoe_overflow_surrounded_room,
          old_standard_altar, minmay_temple_entry_antechambers
D:8:      layout_basic, worms_lemuel, uniq_grum, uniq_maurice
D:9:      layout_long_grid, kennysheep_generic_room_5, uniq_erica, uniq_joseph
D:10:     layout_roguey, mainiacjoe_overflow_tiny_flanked, dpeg_oklobed_lair,
          serial_shops, nicolae_take_the_stairs, uniq_maggie
D:11:     layout_basic, orc_0_dummy, serial_shops, shop, gauntlet_entry_generic
D:12:     layout_roguey, grunt_ministairs_6, uniq_kirke
D:13:     layout_loops_cross, uniq_jorgrun
D:14:     layout_big_octagon, ximxim_vaults_locker_room,
          minmay_staircase_windowed_small, serial_bayou_lagoon_a,
          corexii_hall_statues_t
D:15:     gammafunk_depths_entry_grave, layout_rooms,
          gammafunk_ghost_berserking_beasts
Temple:   regret_index_temple_waves
Lair:1:   dragon1_lemuel, layout_loops_ring, grunt_megastairs_5,
          serial_bayou_shore_b
Lair:2:   layout_misc_corridors, guppyfry_snake_entry_island, uniq_urug
Lair:3:   layout_loops_ring, elwin_shoals_entry_stream,
          cheibrodos_lair_caveside_slide, uniq_rupert
Lair:4:   layout_gridlike
Lair:5:   evilmike_catoblepas_cave, layout_hall_layers, slime_entry_1,
          portal_ice_cave_demonic_guard, nicolae_quartered_pool_medium,
          st_stairs_11
Shoals:1: layout_shoals, minmay_shop_enchanted_jewellery
Shoals:2: layout_shoals, nicolae_shoals_lost_giant_baths
Shoals:3: layout_shoals, ebering_ghost_xom
Shoals:4: shoals_end_hangedman, layout_shoals
Snake:1:  layout_onion, minmay_shoptagon, lemuel_fruit_tree
Snake:2:  nicolae_cobra_stairs, layout_gridlike
Snake:3:  layout_grid_maze, basic_altar, serial_bayou_shore_a, uniq_saint_roka
Snake:4:  snake_pit_salamanders_mu, layout_onion_interference,
          grunt_ministairs_7, nicolae_snake_shapes, uniq_aizul
Orc:1:    layout_caves, basic_altar, nicolae_shop_overcharged_wands
Orc:2:    st_orc_congregation, layout_caves, basic_altar, serial_shops,
          shop_fountains

Skill      XL: |  1  2  3  4  5  6  7  8  9 10 11 12 13 14 15 16 17 18 |
---------------+-------------------------------------------------------+-----
Ranged Weapons | 4 5 6 7 9 10 11 13 15 16 18 | 18.7
Fighting       | 3 4 5 6 10 13 15 16 | 16.7
Dodging        | 2 3 4 5 7 8 10 12 | 12.2
Stealth        | 1 3 4 5 7 8 |  8.2
Spellcasting   | 3 7 |  7.0
Hexes          | 1 6 8 12 | 12.1
Summonings     | 1 5 7 |  7.4
Evocations     | 6 8 |  8.2
Invocations    | 3 8 |  8.0

Action                   |  1- 3 |  4- 6 |  7- 9 | 10-12 | 13-15 | 16-18 || total
-------------------------+-------+-------+-------+-------+-------+-------++-------
 Fire: Shortbow          |   114 |   197 |   352 |   634 |   812 |       ||  2109
       Arbalest          |       |       |       |       |    81 |   108 ||   189
       Triple crossbow   |       |       |       |       |       |   854 ||   854
 Cast: Summon Guardian G |       |       |       |    22 |    23 |     6 ||    51
       Cause Fear        |       |       |       |       |       |     4 ||     4
Invok: Ancestor Identity |       |       |     1 |       |       |       ||     1
       Recall Ancestor   |       |       |       |     5 |     6 |    14 ||    25
       Ancestor Life: Kn |       |       |       |     1 |       |       ||     1
       Transference      |       |       |       |     1 |     5 |    11 ||    17
       Idealise          |       |       |       |       |       |     3 ||     3
 Abil: Breathe Dispellin |       |       |     9 |     1 |     1 |       ||    11
Evoke: Wand              |       |       |    14 |     3 |       |     1 ||    18
       Phial of floods   |       |       |       |       |       |     1 ||     1
  Use: Scroll            |       |    10 |     5 |    17 |     9 |    10 ||    51
       Potion            |       |       |       |     2 |     1 |     6 ||     9
Armor: Skin              |    11 |    28 |    56 |    38 |    87 |   119 ||   339
Dodge: Dodged            |    32 |    72 |   166 |   120 |   143 |   387 ||   920
       Repelled          |     1 |       |     3 |     1 |       |       ||     5

Table legend: (Time is in decaauts)
 A = Elapsed time spent in this place.
 B = Non-inter-level travel time spent in this place.
 C = Inter-level travel time spent in this place.
 D = Time resting spent in this place.
 E = Time spent auto-exploring this place.
 F = Levels seen in this place.
 G = Mean time per level.
                   A        B        C        D        E       F      G
               +--------+--------+--------+--------+--------+-----+--------+
         Total |  36935 |  34674 |   2261 |   9484 |  16385 |  33 | 1119.2 |
       Dungeon |  17834 |  16624 |   1210 |   3719 |   9667 |  15 | 1188.9 |
        Temple |    131 |    114 |     17 |      0 |     97 |   1 |  131.0 |
          Lair |   6730 |   6245 |    485 |   1702 |   2972 |   5 | 1346.0 |
        Shoals |   5321 |   5132 |    189 |   1896 |   1684 |   4 | 1330.2 |
     Snake Pit |   4094 |   3784 |    310 |   1469 |   1317 |   4 | 1023.5 |
  Orcish Mines |   1799 |   1751 |     48 |    456 |    476 |   2 |  899.5 |
      Ice Cave |    827 |    827 |      0 |    240 |      0 |   1 |  827.0 |
      Gauntlet |    196 |    196 |      0 |      0 |    171 |   1 |  196.0 |
               +--------+--------+--------+--------+--------+-----+--------+

Top non-repeatable levels by time:
    D:11: 2373 daAuts
Shoals:3: 2135 daAuts
  Lair:5: 1997 daAuts
     D:6: 1821 daAuts
     D:8: 1619 daAuts
  Lair:2: 1601 daAuts
 Snake:3: 1492 daAuts
 Snake:2: 1487 daAuts
     D:9: 1449 daAuts
     D:4: 1373 daAuts
   Orc:2: 1223 daAuts
    D:14: 1189 daAuts
Shoals:4: 1181 daAuts
Shoals:1: 1117 daAuts
  Lair:1: 1110 daAuts
